 Dungeon Crawl Stone Soup version 0.27.1-33-g824d729ab1 (webtiles) character file.

Game seed: 7526980080454955831

5 CrazyMind the Ducker (level 1, -1/18 HPs)
             Began as a Djinni Gladiator on Nov 23, 2021.
             Was a Follower of Fedhas.
             Slain by a goblin (3 damage)
             ... on level 2 of the Dungeon.
             The game lasted 00:01:42 (197 turns).

CrazyMind the Ducker (Djinni Gladiator)              Turns: 197, Time: 00:01:42

Health: -1/18      AC:  4    Str: 13    XL:     1   Next: 88%
Gold:   10         EV: 12    Int:  9    God:    Fedhas [*.....] SH:  0 Dex: 14

rFire    + + .     SeeInvis .   (no weapon)
rCold    x . .     Faith    .   (no shield)
rNeg     . . .     Spirit   .   b - +0 leather armour
rPois    ∞         Reflect  .   c - +0 helmet
rElec    .         Harm     .   (no cloak)
rCorr    .         Rampage  .   (no gloves)
Will     .....                  (boots unavailable)
Stlth    +.........             (no amulet)
HPRegen  0.06/turn              (no ring)
MPRegen  0.00/turn              (no ring)

@: flying
A: sickness immunity, fire resistance 2, cold vulnerability 1, float, innate
caster, hp casting, extra vitality 1
a: Renounce Religion


You were on level 2 of the Dungeon.
You worshipped Fedhas.
Fedhas was aware of your devotion.
You visited 1 branch of the dungeon, and saw 2 of its levels.

You collected 10 gold pieces.

Inventory:

Hand Weapons
 a - a +0 long sword
Missiles
 d - 3 throwing nets (quivered)
 e - 25 stones
Armour
 b - a +0 leather armour (worn)
 c - a +0 helmet (worn)
Scrolls
 f - a scroll of teleportation {unknown}
 g - a scroll of vulnerability {unknown}


   Skills:
 + Level 2.0 Fighting
 + Level 2.8 Long Blades
 + Level 1.6 Throwing
 + Level 3.4 Dodging


You couldn't memorise any spells.
You didn't know any spells.
Your spell library was empty.

Dungeon Overview and Level Annotations

Branches:
Dungeon (2/15)

Altars:
Fedhas


Innate Abilities, Weirdness & Mutations

You are immune to sickness and miasma.
You are immune to poison.
Your flesh is very heat resistant. (rF++)
You are vulnerable to cold. (rC-)
You float through the air rather than walking.
You learn spells naturally, not from books.
Your magical power is your life essence.
You have superior vitality. (+4 HP)


Message History

The bat hits you but does no damage. The goblin hits you but does no damage.
The bat hits you but does no damage. The goblin barely misses you.
The bat closely misses you. x2; The goblin hits you but does no damage.
The bat closely misses you. The goblin closely misses you.
The bat closely misses you. The goblin barely misses you. The bat hits you.
The goblin hits you but does no damage. The bat closely misses you.
The goblin hits you but does no damage. The bat misses you.
The bat barely misses you. The goblin closely misses you.
The bat closely misses you. The goblin hits you with a +0 club.
The bat barely misses you. The goblin hits you but does no damage.
The bat misses you. The goblin closely misses you. The bat closely misses you.
The goblin barely misses you. The bat barely misses you.
The goblin hits you but does no damage. The bat hits you.
The bat hits you but does no damage. The goblin closely misses you.
The bat barely misses you. The goblin closely misses you.
The bat hits you but does no damage. The goblin closely misses you.
The bat closely misses you. The goblin barely misses you.
The bat closely misses you. The goblin hits you with a +0 club.
The bat hits you. The goblin closely misses you. The bat barely misses you.
The goblin barely misses you.
The bat barely misses you. x2; The goblin closely misses you.
The bat barely misses you. The goblin hits you but does no damage.
The goblin closely misses you. The bat hits you but does no damage.
The bat misses you. The goblin hits you but does no damage.
The bat hits you but does no damage. The goblin barely misses you.
The bat closely misses you. The goblin hits you with a +0 club.
* * * LOW HITPOINT WARNING * * *
The bat misses you. The goblin closely misses you. The bat hits you.
* * * LOW HITPOINT WARNING * * *
The goblin closely misses you. The bat hits you but does no damage.
The goblin hits you but does no damage. The bat misses you.
The goblin hits you but does no damage. The bat hits you but does no damage.
The goblin closely misses you. The bat hits you but does no damage.
The goblin hits you but does no damage. The goblin closely misses you.
The bat hits you but does no damage. The bat barely misses you.
The goblin hits you with a +0 club.
You die...
Fedhas appreciates your contribution to the ecosystem.

. ... . ##.
#..#.
...##....
#......##
##.......##
#.........#
#.........#
.....b.@..#
#......g..#
#.........#
...>.....##
..........
..........#
..........#
.......[..#


You could see a goblin and a bat.

Vanquished Creatures
  2 endoplasms (D:1)
  A hobgoblin (D:1)
  A bat (D:1)
  A frilled lizard (D:1)
5 creatures vanquished.

Notes
Turn   | Place    | Note
-------+----------+-------------------------------------------
     0 | D:1      | CrazyMind the Djinni Gladiator began the quest for the Orb.
     0 | D:1      | Reached XP level 1. HP: 18/18 MP: 0/0
    68 | D:1      | Found a faded altar of an unknown god.
    72 | D:1      | Became a worshipper of Fedhas Madash
    72 | D:1      | Reached * piety under Fedhas
   197 | D:2      | Slain by a goblin

Illustrated notes

Levels and vault maps discovered:
D:1:      roderic_chinese_lattice_arrival, layout_loops_corners, serial_shops,
          nicolae_shop_waterfront, chequers_ecumenical_altar_simple_redux
D:2:      layout_rooms, basic_altar, eino_tiny_chamber, nrook_uturn,
          kennysheep_big_empty_room, minmay_misc_feat_four_crosses, minivault_5

Action                   || total
-------------------------++-------
Melee: Long sword        ||     9
Armor: Leather armour    ||    47
Dodge: Dodged            ||    85
       Rpst.: Long sword ||     3
